 Dungeon Crawl Stone Soup version 0.21-a0-528-gf531e82 (webtiles) character file.

1731 tsouns the Fighter (level 8, -4/62 HPs)
             Began as a Demonspawn Assassin on Dec 8, 2017.
             Was a Follower of Hepliaklqana.
             Splashed by a brown ugly thing's acid (9 damage)
             ... on level 6 of the Dungeon.
             The game lasted 00:14:44 (6292 turns).

tsouns the Fighter (Demonspawn Assassin)            Turns: 6292, Time: 00:14:44

Health: -4/62      AC: -7    Str: 19    XL:     8   Next: 76%
Magic:  14/14      EV: 15    Int: 13    God:    Hepliaklqana [*.....]
Gold:   56         SH:  0    Dex: 14    Spells: 12/15 levels left

rFire    . . .     SeeInvis .   H - +4 rapier "Embalmer" {pierce, MR+ Str+3}
rCold    . . .     Gourm    .   (no shield)
rNeg     . . .     Faith    .   c - +0 robe
rPois    .         Spirit   .   j - +0 helmet
rElec    .         Reflect  .   d - +1 cloak
rCorr    .         Harm     .   (no gloves)
MR       +....                  (no boots)
Stlth    ++........             (no amulet)
HPRegen  0.20/turn              n - +2 ring of strength
MPRegen  0.14/turn              w - +4 ring of evasion

@: about to teleport, corroded
A: reduced essence, hooves 2
a: Recall Ancestor, Ancestor Identity, Renounce Religion


You were on level 6 of the Dungeon.
You worshipped Hepliaklqana.
Hepliaklqana was aware of your devotion.
You were not hungry.

You visited 1 branch of the dungeon, and saw 6 of its levels.

You collected 227 gold pieces.
You spent 171 gold pieces at shops.

Inventory:

Hand Weapons
 a - a +2 dagger
 b - a +0 blowgun
 k - a cursed +0 halberd
 t - a +0 rapier
 H - the +4 rapier "Embalmer" (weapon) {pierce, MR+ Str+3}
   (You bought it in a shop on level 6 of the Dungeon)

   It inflicts extra damage upon your enemies.
   It affects your strength (+3).
   It affects your resistance to hostile enchantments.
Missiles
 e - 55 poisoned needles
 f - a curare-tipped needle
 z - 2 tomahawks (quivered)
Armour
 c - a +0 robe (worn)
 d - a +1 cloak (worn)
 j - a +0 helmet (worn)
 v - a +0 plate armour
Jewellery
 l - an uncursed ring of flight
 n - a +2 ring of strength (left hand)
 w - a +4 ring of evasion (right hand)
Scrolls
 i - a scroll of enchant armour
 m - a scroll of blinking
 x - 2 scrolls of remove curse
 y - 2 scrolls of teleportation
 I - a scroll of random uselessness {unknown}
 J - a scroll of holy word {unknown}
Potions
 h - a potion of cancellation
 o - a potion of mutation
 p - a potion of brilliance
 q - 3 potions of lignification
 r - 3 potions of curing {unknown}
 s - a potion of heal wounds {unknown}
 A - a potion of berserk rage {unknown}
 D - 2 potions of haste {unknown}
 E - 2 potions of degeneration {unknown}
 G - a potion of ambrosia {unknown}
Books
 B - a book of Maledictions

   Spells                             Type                      Level
   a - Corona                         Hexes                        1
   b - Ensorcelled Hibernation        Hexes/Ice                    2
   c - Confuse                        Hexes                        3
   d - Tukima's Dance                 Hexes                        3
   e - Dazzling Spray                 Conjuration/Hexes            3
Comestibles
 g - 4 bread rations
 u - a meat ration
 C - 2 royal jellies


   Skills:
 + Level 8.5 Fighting
 - Level 1.7 Short Blades
 - Level 1.7 Throwing
 - Level 0.8 Dodging
 + Level 4.4 Stealth
 + Level 4.4 Spellcasting
 + Level 4.9 Hexes


You had 12 spell levels left.
You knew the following spells:

 Your Spells              Type           Power        Failure   Level  Hunger
a - Corona                Hex            ###....      2%          1    None
b - Ensorcelled Hibernat  Hex/Ice        #.....       11%         2    ##.....


Dungeon Overview and Level Annotations

Branches:
Dungeon (6/15)
 Temple: D:4-7

Altars:
Elyvilon
Fedhas
Hepliaklqana
Kikubaaqudgha

Shops:
D:6 (


Innate Abilities, Weirdness & Mutations

You have hoof-like feet.
Your life essence is reduced to manifest your ancestor. (-10% HP)


Message History

The brown ugly thing is moderately wounded.
Marketa barely misses the brown ugly thing.
The brown ugly thing closely misses you.
You hit the brown ugly thing.
You kick the brown ugly thing, but do no damage.
The brown ugly thing is heavily wounded.
Marketa closely misses the brown ugly thing.
The brown ugly thing completely misses you.
You hit the brown ugly thing but do no damage.
You kick the brown ugly thing.
The brown ugly thing is heavily wounded.
Marketa misses the brown ugly thing.
The brown ugly thing bites you!
You are splashed with acid!
The acid burns!
Marketa closely misses the brown ugly thing.
As you read the scroll of teleportation, it crumbles to dust.
You feel strangely unstable.
Marketa misses the brown ugly thing.
The brown ugly thing bites you!
* * * LOW HITPOINT WARNING * * *
The acid corrodes you!
You are splashed with acid!
The acid burns!
You die...

...#......####..#..#
...#...###......#..#
...#...# #.####.#..#
####...###.# #.#..#
##.........# #....#
......#....# ....#
##.##.#....#.###...#
##.........#....uR.#
#####.#...######@#.###
#####.'...'..........#
....###...######.#.#.#
....###...# ..#.# #
##....)...# ... #
.#...###### .....
.#...# .....# .....#
#.....# .##..# ..>.


You could see the friendly Marketa the ancestor and a brown ugly thing.

Vanquished Creatures
  Sigmund (D:6)
  An ice beast (D:5)
  A phantom (D:6)
  3 ogres
  A centaur (D:5)
  A bullfrog (D:6)
  Blork the orc (D:6)
  2 scorpions
  3 wights (D:6)
  4 crimson imps
  An orc priest (D:5)
  Crazy Yiuf (D:4)
  A hound (D:6)
  2 orc wizards
  An iguana (D:6)
  2 worker ants
  3 adders
  An adder zombie (D:5)
  4 worms
  A dart slug (D:1)
  3 leopard geckos
  7 orcs
  6 bats
  3 giant cockroaches
  4 hobgoblins
  6 kobolds
  A quokka (D:4)
  4 frilled lizards
  8 goblins
  2 leopard gecko skeletons (D:4)
  3 rats
82 creatures vanquished.

Vanquished Creatures (collateral kills)
  A black bear (D:6)
  A phantom (D:4)
  A wyvern zombie (D:5)
  A worker ant (D:4)
  An ooze (D:6)
5 creatures vanquished.

Vanquished Creatures (others)
  3 ancestors
3 creatures vanquished.

Grand Total: 90 creatures vanquished

Notes
Turn   | Place    | Note
-------+----------+-------------------------------------------
     0 | D:1      | tsouns the Demonspawn Assassin began the quest for the Orb.
     0 | D:1      | Reached XP level 1. HP: 16/16 MP: 1/1
   203 | D:1      | Gained mutation: You have large cloven feet. [demonic ancestry]
   203 | D:1      | Reached XP level 2. HP: 21/23 MP: 2/2
   243 | D:1      | Reached skill level 3 in Fighting
  1064 | D:2      | Reached XP level 3. HP: 12/30 MP: 3/3
  1380 | D:2      | Reached skill level 4 in Fighting
  1449 | D:2      | Found a white marble altar of Elyvilon.
  2172 | D:3      | Gained mutation: You have hoof-like feet. [demonic ancestry]
  2172 | D:3      | Reached XP level 4. HP: 33/38 MP: 4/4
  2482 | D:3      | Found a blossoming altar of Fedhas.
  2612 | D:4      | Noticed an ogre
  2952 | D:4      | Killed an ogre
  2952 | D:4      | Reached skill level 5 in Fighting
  2952 | D:4      | Reached XP level 5. HP: 46/46 MP: 5/5
  2970 | D:4      | Found a hazy altar of Hepliaklqana.
  2982 | D:4      | Became a worshipper of Hepliaklqana the Forgotten
  2988 | D:4      | Noticed a phantom
  3364 | D:4      | Reached skill level 6 in Fighting
  3752 | D:4      | Killed a phantom
  3752 | D:4      | Reached XP level 6. HP: 22/47 MP: 6/6
  3796 | D:4      | Learned a level 1 spell: Corona
  3799 | D:4      | Learned a level 2 spell: Ensorcelled Hibernation
  3978 | D:5      | Entered Level 5 of the Dungeon
  4248 | D:5      | Reached skill level 1 in Hexes
  4297 | D:5      | Reached skill level 1 in Spellcasting
  4350 | D:5      | Reached skill level 7 in Fighting
  4414 | D:5      | Reached * piety under Hepliaklqana
  4445 | D:5      | Reached XP level 7. HP: 54/54 MP: 2/9
  5187 | D:5      | Reached XP level 8. HP: 58/61 MP: 12/12
  5369 | D:4      | Found a runed door.
  5373 | D:4      | Noticed Crazy Yiuf
  5377 | D:4      | Killed Crazy Yiuf
  5483 | D:6      | Noticed Blork the orc
  5486 | D:6      | Found Plog's Antique Weapon Boutique.
  5495 | D:6      | Killed Blork the orc
  5506 | D:6      | Bought a bloodstained rapier for 171 gold pieces
  5506 | D:6      | Identified the +4 rapier "Embalmer" {pierce, MR+ Str+3} (You bought it in a shop on level 6 of the Dungeon)
  5531 | D:6      | Reached skill level 8 in Fighting
  5709 | D:6      | Found an ancient bone altar of Kikubaaqudgha.
  5788 | D:6      | Noticed Sigmund
  5811 | D:6      | Killed Sigmund
  6283 | D:6      | Noticed a brown ugly thing
  6292 | D:6      | Splashed by a brown ugly thing's acid

Vault maps used:
D:1:      dpeg_arrival_arbitrary_a
D:2:      elyvilon_altar_5
D:3:      fedhas_altar_3, first_bread, corexii_item_surrounded_by_moat,
          kennysheep_generic_room_12
D:4:      lemuel_crystal_altar, cheibrodos_sewer_entry_bend,
          columned_hall_lemuel, uniq_crazy_yiuf_cottage
D:5:      serial_curves, eino_curves_02, eino_curves_04
D:6:      nicolae_overflow_crystal_walls, serial_shops, shop, minivault_22,
          uniq_sigmund, uniq_menkaure, uniq_blork_the_orc

Skill      XL: |  1  2  3  4  5  6  7  8 |
---------------+-------------------------+-----
Fighting       | 3 4 5 6 7 8 |  8.5
Hexes          | 1 3 4 |  4.9
Spellcasting   | 1 3 4 |  4.4
Stealth        | 4 |  4.4
Short Blades   | |  1.7
Throwing       | |  1.7
Dodging        | |  0.8

Action                   |  1- 3 |  4- 6 |  7- 9 || total
-------------------------+-------+-------+-------++-------
Melee: Dagger            |   114 |   166 |    81 ||   361
       Kick              |    14 |    55 |    40 ||   109
       Rapier            |       |       |    35 ||    35
 Fire: Blowgun           |    11 |     6 |    12 ||    29
Throw: Tomahawk          |       |     5 |       ||     5
 Cast: Ensorcelled Hiber |       |     2 |     2 ||     4
Invok: Ancestor Identity |       |     1 |       ||     1
       Recall Ancestor   |       |     1 |       ||     1
  Use: Scroll            |     9 |     2 |     2 ||    13
       Potion            |       |     1 |       ||     1
 Stab: Sleeping          |     5 |     2 |     4 ||    11
       Distracted        |       |       |     2 ||     2
  Eat: Chunk             |     3 |     6 |     4 ||    13
       Royal jelly       |       |     1 |     1 ||     2
Armor: Robe              |    33 |    32 |    17 ||    82
Dodge: Dodged            |    63 |    79 |    70 ||   212

Table legend:
 A = Spawn XP
 B = Non-spawn XP
 C = Spawn XP percentage of total XP
 D = Spawn monster count
 E = Non-spawn monster count
 F = Spawn count percentage of total count
 G = Total turns spent on level
                    A         B        C        D         E        F      G
               +---------+---------+-------+---------+---------+-------+---------
         Total |       0 |    2473 |   0.0 |       0 |      87 |   0.0 |  6292
               +---------+---------+-------+---------+---------+-------+---------
           D:1 |       0 |      36 |   0.0 |       0 |      21 |   0.0 |  1326
           D:2 |       0 |      54 |   0.0 |       0 |      12 |   0.0 |   634
           D:3 |       0 |      26 |   0.0 |       0 |       6 |   0.0 |   961
           D:4 |       0 |     430 |   0.0 |       0 |      15 |   0.0 |  1285
           D:5 |       0 |     765 |   0.0 |       0 |      16 |   0.0 |  1152
           D:6 |       0 |    1162 |   0.0 |       0 |      17 |   0.0 |   934
               +---------+---------+-------+---------+---------+-------+---------
